3AA
LONG ISLAND SEAWOLVES @ ATLANTIC CITY SONICS
08/06/2027
 
TOP OF THE 1ST
Long Island Seawolves batting - Pitching for Atlantic City Sonics : RHP Elroy Thompkins
Pitching: RHP Elroy Thompkins
Batting: RHB Abad Lugo 0-0: Ball
1-0: DOUBLE (Groundball, 5L)
Batting: LHB Pedro Colón 0-0: Called Strike
0-1: Called Strike
0-2: Strikes out looking
Batting: RHB Max Berman 0-0: Ball
1-0: Ball
2-0: Swinging Strike
2-1: Foul Ball, location: 2F
2-2: Ball
3-2: Strikes out swinging
Batting: LHB Govaart Pleijt 0-0: Called Strike
0-1: Ball
1-1: Ground out 6-3 (Groundball, 6)
Top of the 1st over - 0 run(s), 1 hit(s), 0 error(s), 1 left on base; Long Island 0 - Atlantic City 0
BOTTOM OF THE 1ST
Atlantic City Sonics batting - Pitching for Long Island Seawolves : LHP Jasper Sanders
Pitching: LHP Jasper Sanders
Batting: RHB José López 0-0: Ground out 5-3 (Groundball, 56)
Batting: LHB Todd Blankenburg 0-0: Called Strike
0-1: Ball
1-1: Swinging Strike
1-2: Ball
2-2: Ground out 6-3 (Groundball, 6M)
Batting: RHB Brady Bess 0-0: Swinging Strike
0-1: Foul Ball, location: 2F
0-2: Strikes out looking
Bottom of the 1st over - 0 run(s), 0 hit(s), 0 error(s), 0 left on base; Long Island 0 - Atlantic City 0
TOP OF THE 2ND
Long Island Seawolves batting - Pitching for Atlantic City Sonics : RHP Elroy Thompkins
Batting: RHB Rob McGinnity 0-0: Ball
1-0: Foul Ball, location: 2F
1-1: Ball
2-1: Ball
3-1: Called Strike
3-2: Foul Ball, location: 2F
3-2: Base on Balls
Batting: LHB Michael van Berkel 0-0: Ball
1-0: Ground out 4-3 (Groundball, 4M)
Rob McGinnity to second
Batting: RHB Alfredo Escalante 0-0: Swinging Strike
0-1: Ball
1-1: Ground out 6-3 (Groundball, 6)
Batting: RHB Andrés Aguilar 0-0: Called Strike
0-1: Ball
1-1: SINGLE (Flyball, 8LS)
Rob McGinnity to third
Runner from 3rd tries for Home, SAFE, no throw
Batting: RHB José Orihvela 0-0: Ball
1-0: Reached on error, E5 (Groundball, 56)
Andrés Aguilar to second
Batting: RHB Abad Lugo 0-0: Ball
1-0: Ball
2-0: Foul Ball, location: 2F
2-1: Ball
3-1: Foul Ball, location: 2F
3-2: Base on Balls
Andrés Aguilar to third
José Orihvela to second
Batting: LHB Pedro Colón 0-0: Fly out, F9 (Flyball, 9LSF)
Top of the 2nd over - 1 run(s), 1 hit(s), 1 error(s), 3 left on base; Long Island 1 - Atlantic City 0
BOTTOM OF THE 2ND
Atlantic City Sonics batting - Pitching for Long Island Seawolves : LHP Jasper Sanders
Batting: RHB Nelson Torez 0-0: Ball
1-0: Called Strike
1-1: Foul Ball, location: 2F
1-2: Ball
2-2: SINGLE (Flyball, 8LS) - OUT at second base trying to stretch hit.
Batting: RHB Thurman Blumer 0-0: Ball
1-0: Foul Ball, location: 2F
1-1: Ball
2-1: Ball
3-1: SOLO HOME RUN (Flyball, 78XD), Distance : 404 ft
Batting: RHB Kevin Malone 0-0: Ball
1-0: Ground out 1-3 (Groundball, 13S)
Batting: RHB Senior Pond 0-0: Fly out, F7 (Flyball, 7)
Bottom of the 2nd over - 1 run(s), 2 hit(s), 0 error(s), 0 left on base; Long Island 1 - Atlantic City 1
TOP OF THE 3RD
Long Island Seawolves batting - Pitching for Atlantic City Sonics : RHP Elroy Thompkins
Batting: RHB Max Berman 0-0: Ball
1-0: Called Strike
1-1: Called Strike
1-2: Strikes out looking
Batting: LHB Govaart Pleijt 0-0: Ball
1-0: Fly out, F7 (Flyball, 7LS)
Batting: RHB Rob McGinnity 0-0: Ball
1-0: Foul Ball, location: 2F
1-1: Foul Ball, location: 2F
1-2: Ball
2-2: SINGLE (Groundball, 3D)
Batting: LHB Michael van Berkel 0-0: Ball
1-0: Called Strike
1-1: Ball
2-1: Called Strike
2-2: Ball
3-2: Strikes out swinging
Top of the 3rd over - 0 run(s), 1 hit(s), 0 error(s), 1 left on base; Long Island 1 - Atlantic City 1
BOTTOM OF THE 3RD
Atlantic City Sonics batting - Pitching for Long Island Seawolves : LHP Jasper Sanders
Batting: RHB Damon Grinter 0-0: Ground out 5-3 (Groundball, 5S)
Batting: SHB Luchino Salimbeni 0-0: Called Strike
0-1: Ball
1-1: Called Strike
1-2: Ball
2-2: Foul Ball, location: 2F
2-2: Foul Ball, location: 2F
2-2: Foul Ball, location: 2F
2-2: Foul Ball, location: 2F
2-2: Ground out 6-3 (Groundball, 6M)
Batting: RHB José López 0-0: Ball
1-0: Ball
2-0: Called Strike
2-1: Fly out, F8 (Flyball, 78M)
Bottom of the 3rd over - 0 run(s), 0 hit(s), 0 error(s), 0 left on base; Long Island 1 - Atlantic City 1
TOP OF THE 4TH
Long Island Seawolves batting - Pitching for Atlantic City Sonics : RHP Elroy Thompkins
Batting: RHB Alfredo Escalante 0-0: Called Strike
0-1: DOUBLE (Line Drive, 7LM)
Batting: RHB Andrés Aguilar 0-0: Called Strike
0-1: Ball
1-1: Ground out 4-3 (Groundball, 4)
Alfredo Escalante to third
Batting: RHB José Orihvela 0-0: Ball
1-0: Ball
2-0: Foul Ball, location: 2F
2-1: Ground out 4-3 (Groundball, 34)
Alfredo Escalante scores
Batting: RHB Abad Lugo 0-0: Called Strike
0-1: Ball
1-1: Ball
2-1: Called Strike
2-2: Ball
3-2: Base on Balls
Batting: LHB Pedro Colón 0-0: Ball
1-0: Called Strike
Abad Lugo steals 2nd base
1-1: Foul Ball, location: 2F
1-2: Strikes out looking
Top of the 4th over - 1 run(s), 1 hit(s), 0 error(s), 1 left on base; Long Island 2 - Atlantic City 1
BOTTOM OF THE 4TH
Atlantic City Sonics batting - Pitching for Long Island Seawolves : LHP Jasper Sanders
Batting: LHB Todd Blankenburg 0-0: Foul Ball, location: 2F
0-1: Ball
1-1: Foul Ball, location: 2F
1-2: Fly out, F8 (Flyball, 8RM)
Batting: RHB Brady Bess 0-0: Ball
1-0: Ball
2-0: Ball
3-0: Base on Balls
Batting: RHB Nelson Torez 0-0: Ball
1-0: Fly out, F3 (Popup, 34)
Batting: RHB Thurman Blumer 0-0: Called Strike
0-1: Ball
1-1: Foul Ball, location: 2F
1-2: Strikes out swinging
Bottom of the 4th over - 0 run(s), 0 hit(s), 0 error(s), 1 left on base; Long Island 2 - Atlantic City 1
TOP OF THE 5TH
Long Island Seawolves batting - Pitching for Atlantic City Sonics : RHP Elroy Thompkins
Batting: RHB Max Berman 0-0: SINGLE (Flyball, 3D)
Batting: LHB Govaart Pleijt 0-0: Foul Ball, location: 2F
0-1: Called Strike
0-2: Strikes out swinging
Batting: RHB Rob McGinnity 0-0: Ball
1-0: Called Strike
1-1: Ball
2-1: Grounds into double play, 6-4-3 (Groundball, 6)
Top of the 5th over - 0 run(s), 1 hit(s), 0 error(s), 0 left on base; Long Island 2 - Atlantic City 1
BOTTOM OF THE 5TH
Atlantic City Sonics batting - Pitching for Long Island Seawolves : LHP Jasper Sanders
Batting: RHB Kevin Malone 0-0: Called Strike
0-1: Ball
1-1: Called Strike
1-2: Strikes out swinging
Batting: RHB Senior Pond 0-0: Ball
1-0: Swinging Strike
1-1: Foul Ball, location: 2F
1-2: Strikes out looking
Batting: RHB Damon Grinter 0-0: Ball
1-0: Called Strike
1-1: Ground out 5-3 (Groundball, 56S)
Bottom of the 5th over - 0 run(s), 0 hit(s), 0 error(s), 0 left on base; Long Island 2 - Atlantic City 1
TOP OF THE 6TH
Long Island Seawolves batting - Pitching for Atlantic City Sonics : RHP Elroy Thompkins
Batting: LHB Michael van Berkel 0-0: Ball
1-0: Fly out, F7 (Flyball, 7LSF)
Batting: RHB Alfredo Escalante 0-0: Called Strike
0-1: Foul Ball, location: 2F
0-2: Strikes out swinging
Batting: RHB Andrés Aguilar 0-0: Called Strike
0-1: Ball
1-1: Ground out 4-3 (Groundball, 4)
Top of the 6th over - 0 run(s), 0 hit(s), 0 error(s), 0 left on base; Long Island 2 - Atlantic City 1
BOTTOM OF THE 6TH
Atlantic City Sonics batting - Pitching for Long Island Seawolves : LHP Jasper Sanders
Batting: SHB Luchino Salimbeni 0-0: Called Strike
0-1: Ball
1-1: SINGLE (Flyball, 89S)
Batting: RHB José López 0-0: Sac Bunt - play at first, batter OUT! 5-4
Luchino Salimbeni to second
Batting: LHB Todd Blankenburg 0-0: Ball
Wild Pitch!
Luchino Salimbeni to third
1-0: Ball
2-0: Ball
3-0: Called Strike
3-1: Foul Ball, location: 2F
3-2: Ground out U3 (Groundball, 3)
Batting: RHB Brady Bess 0-0: Ball
1-0: Ball
2-0: Ball
3-0: Base on Balls
Batting: RHB Nelson Torez 0-0: Swinging Strike
0-1: Ball
1-1: Foul Ball, location: 2F
1-2: Fly out, F8 (Flyball, 8RM)
Bottom of the 6th over - 0 run(s), 1 hit(s), 0 error(s), 2 left on base; Long Island 2 - Atlantic City 1
TOP OF THE 7TH
Long Island Seawolves batting - Pitching for Atlantic City Sonics : RHP Elroy Thompkins
Batting: RHB José Orihvela 0-0: Called Strike
0-1: TRIPLE (Flyball, 8LS)
Pinch Hitting: SHB Fernando Pineda 0-0: Ball
1-0: Ball
2-0: Ground out 4-3 (Groundball, 34)
Batting: LHB Pedro Colón 0-0: Intentional Walk
Pinch Hitting: LHB Denis Jerningham 0-0: Foul Ball, location: 2F
0-1: Foul Ball, location: 2F
0-2: Foul Ball, location: 2F
0-2: Ball
1-2: Strikes out swinging
Batting: LHB Govaart Pleijt 0-0: Ball
1-0: Swinging Strike
1-1: Fly out, F7 (Line Drive, 7)
Top of the 7th over - 0 run(s), 1 hit(s), 0 error(s), 2 left on base; Long Island 2 - Atlantic City 1
BOTTOM OF THE 7TH
Atlantic City Sonics batting - Pitching for Long Island Seawolves : LHP Jasper Sanders
Now at 3B: Denis Jerningham
Now at SS: Armando Rey
Batting: RHB Thurman Blumer 0-0: Swinging Strike
0-1: Ball
1-1: Called Strike
1-2: Foul Ball, location: 2F
1-2: Ground out 5-3 (Groundball, 56S)
Batting: RHB Kevin Malone 0-0: Called Strike
0-1: Ball
1-1: Called Strike
1-2: Ball
2-2: Ball
3-2: Base on Balls
Batting: RHB Senior Pond 0-0: Called Strike
0-1: Ball
1-1: Ball
2-1: Ball
3-1: Fly out, F8 (Flyball, 89M)
Batting: RHB Damon Grinter 0-0: Called Strike
0-1: Swinging Strike
0-2: Foul Ball, location: 2F
0-2: Ground out 6-3 (Groundball, 6M)
Bottom of the 7th over - 0 run(s), 0 hit(s), 0 error(s), 1 left on base; Long Island 2 - Atlantic City 1
TOP OF THE 8TH
Long Island Seawolves batting - Pitching for Atlantic City Sonics : RHP Elroy Thompkins
Batting: RHB Rob McGinnity 0-0: Swinging Strike
0-1: Swinging Strike
0-2: Foul Ball, location: 2F
0-2: Strikes out swinging
Batting: LHB Michael van Berkel 0-0: Ground out 5-3 (Groundball, 56)
Batting: RHB Alfredo Escalante 0-0: SINGLE (Groundball, 6MD)
Pitching: LHP David Sherratt
Batting: RHB Andrés Aguilar 0-0: Ball
1-0: Ball
2-0: Fielders Choice at 2nd, 4-6 (Groundball, 4)
Top of the 8th over - 0 run(s), 1 hit(s), 0 error(s), 0 left on base; Long Island 2 - Atlantic City 1
BOTTOM OF THE 8TH
Atlantic City Sonics batting - Pitching for Long Island Seawolves : LHP Jasper Sanders
Now at C: DeAndre Thomas
Now in LF: Sheldon Deshotels
Batting: SHB Luchino Salimbeni 0-0: Ball
1-0: Called Strike
1-1: Ball
2-1: Swinging Strike
2-2: Ball
3-2: Ground out 1-3 (Groundball, 13)
Batting: RHB José López 0-0: Called Strike
0-1: Ground out 5-3 (Groundball, 56S)
Batting: LHB Todd Blankenburg 0-0: Ball
1-0: Ball
2-0: Ball
3-0: Called Strike
3-1: Fly out, F6 (Line Drive, 6)
Bottom of the 8th over - 0 run(s), 0 hit(s), 0 error(s), 0 left on base; Long Island 2 - Atlantic City 1
TOP OF THE 9TH
Long Island Seawolves batting - Pitching for Atlantic City Sonics : LHP David Sherratt
Pitching: RHP Alfredo Muńóz
Batting: RHB José Orihvela 0-0: Called Strike
0-1: Ball
1-1: Foul Ball, location: 2F
1-2: Ball
2-2: Fly out, F5 (Line Drive, 56)
Batting: RHB Armando Rey 0-0: Swinging Strike
0-1: Ball
1-1: Swinging Strike
1-2: Foul Ball, location: 2F
1-2: Foul Ball, location: 2F
1-2: Strikes out swinging
Batting: LHB Pedro Colón 0-0: Ball
1-0: Ball
2-0: Foul Ball, location: 2F
2-1: Ball
3-1: Called Strike
3-2: Base on Balls
Batting: LHB Denis Jerningham 0-0: Swinging Strike
0-1: Ball
1-1: Ball
2-1: Ball
3-1: Ground out 4-3 (Groundball, 34)
Top of the 9th over - 0 run(s), 0 hit(s), 0 error(s), 1 left on base; Long Island 2 - Atlantic City 1
BOTTOM OF THE 9TH
Atlantic City Sonics batting - Pitching for Long Island Seawolves : LHP Jasper Sanders
Pitching: RHP Vinny Mariani
Batting: RHB Brady Bess 0-0: Called Strike
0-1: Ball
1-1: Ball
2-1: SINGLE (Flyball, 8RS)
Batting: RHB Nelson Torez 0-0: Called Strike
0-1: Ball
1-1: Ball
2-1: Called Strike
2-2: Ball
3-2: Base on Balls
Brady Bess to second
Pinch Runner at 2nd Jorge Figueroa:
Pinch Hitting: SHB Phil Moore 0-0: Ball
1-0: Ball
2-0: Ball
3-0: Base on Balls
Jorge Figueroa to third
Nelson Torez to second
Batting: RHB Kevin Malone 0-0: Ball
1-0: Grounds into double play, 6-2-3 (Groundball, 56D)
Nelson Torez to third
Phil Moore to second
Batting: RHB Senior Pond 0-0: Ball
1-0: SINGLE (Line Drive, 4MD)
Nelson Torez scores
Phil Moore to third
Runner from 3rd tries for Home, SAFE, no throw
Saturday, May 26th, 2018 - OOTP Baseball 17.12 Build 75